 Dungeon Crawl Stone Soup version 0.23-a0-422-g30b1108 (webtiles) character file.

53 GizzardofKazz the Insei (level 3, -1/23 HPs)
             Began as an Octopode Transmuter on Nov 15, 2018.
             Slain by a crimson imp (2 damage)
             ... summoned by Natasha
             ... on level 3 of the Dungeon.
             The game lasted 00:03:39 (1446 turns).

GizzardofKazz the Insei (Octopode Transmuter)       Turns: 1446, Time: 00:03:40

Health: -1/23      AC:  1    Str:  8 (10) XL:     3   Next: 89%
Magic:  7/7        EV: 13    Int: 14 (15) God:
Gold:   100        SH:  0    Dex: 10 (12) Spells: 3/7 levels left

rFire    . . .     SeeInvis .     - Unarmed
rCold    . . .     Gourm    .   (no shield)
rNeg     . . .     Faith    .   (helmet restricted)
rPois    .         Spirit   .   (no amulet)
rElec    .         Reflect  .   (no ring)
rCorr    .         Harm     .   (no ring)
MR       .....                  (no ring)
Stlth    ++........             (no ring)
HPRegen  0.07/turn              (no ring)
MPRegen  0.10/turn              (no ring)
                                (no ring)
                                (no ring)

@: lethally poisoned (-1 -> -3), about to teleport
A: almost no armour, stealthy swim, amphibious, 8 rings, constrict 8, camouflage
1, gelatinous body 1
a: no special abilities


You were on level 3 of the Dungeon.
You were not hungry.

You visited 1 branch of the dungeon, and saw 3 of its levels.

You collected 100 gold pieces.

Inventory:

Missiles
 a - 70 arrows
Scrolls
 d - 2 scrolls of immolation
 e - a scroll of teleportation
 g - a scroll of identify
 h - a scroll of remove curse {unknown}
 i - a scroll of enchant armour {unknown}
 j - a scroll of blinking {unknown}
 k - a scroll of random uselessness {unknown}
Comestibles
 b - a chunk of flesh
 c - 6 rations


   Skills:
 - Level 1.0 Fighting
 - Level 2.0 Dodging
 + Level 3.6 Unarmed Combat
 + Level 2.7 Spellcasting
 + Level 2.8 Transmutations


You had 3 spell levels left.
You knew the following spells:

 Your Spells              Type           Power        Failure   Level  Hunger
a - Beastly Appendage     Tmut           #.....       7%          1    #......
b - Spider Form           Tmut/Pois      #.........   36%         3    ###....

Your spell library contained the following spells:

 Spells                   Type           Power        Failure   Level  Hunger
 Sticks to Snakes         Tmut           #.......     11%         2    ###....
 Ice Form                 Ice/Tmut       #.......     77%         4    #####..
 Blade Hands              Tmut           #.........   88%         5    ######.


Dungeon Overview and Level Annotations

Branches:
Dungeon (3/15)

Altars:
Dithmenos
Nemelex Xobeh

Annotations:
D:2 2 transporters
D:3 Natasha


Innate Abilities, Weirdness & Mutations

You cannot wear most types of armour.
You are very stealthy in the water. (Stealth+)
You are amphibious.
You can wear up to eight rings at the same time.
You can use your tentacles to constrict eight enemies at once.
Your skin changes colour to match your surroundings (Stealth+).
Your rubbery body absorbs attacks. (AC +1, EV +1)


Message History

You see here a poisoned needle.
It was a potion of degeneration.
There was something very wrong with that liquid.
You feel weakened.
You feel dopey.
You feel clumsy. The crimson imp barely misses you.
Natasha mumbles some strange words.
You see here a scroll labeled JIULUN HIGHI.
Your tentacle spike disappears.
As you read the scroll labeled AFIGEL CACRALL, it crumbles to dust.
You feel strangely unstable.
It was a scroll of teleportation.
* * * LOW HITPOINT WARNING * * *
You feel sick.
The crimson imp disappears in a puff of smoke!
The crimson imp hits you.
* * * LOW HITPOINT WARNING * * *
As you read the scroll labeled KYFFOTR VAISH, it crumbles to dust.
It is a scroll of identify.
d - 2 scrolls of immolation The crimson imp hits you.
You die...

.. .# h# .# .#
##.##
##########...##.##
#.....@5sh5K.....#
#.########h..##..#
#.# ##>## #.# ...
#.# ..... #.#
....... #.#
.#.#..# #.# #.#
.#.#... #.# #.#
##.#.# .#


You could see a hound, Natasha, a crimson imp, a shadow imp, a giant cockroach
and a kobold.

Vanquished Creatures
  An adder (D:2)
  3 dart slugs
  3 leopard geckos
  6 bats
  2 giant cockroaches
  6 goblins
  4 hobgoblins
  3 kobolds
  A quokka (D:2)
  A frilled lizard (D:1)
  4 rats
34 creatures vanquished.

Notes
Turn   | Place    | Note
-------+----------+-------------------------------------------
     0 | D:1      | GizzardofKazz the Octopode Transmuter began the quest for
                  | the Orb.
     0 | D:1      | Reached XP level 1. HP: 13/13 MP: 3/3
   113 | D:1      | Reached XP level 2. HP: 11/18 MP: 3/5
   726 | D:1      | Reached XP level 3. HP: 21/23 MP: 6/6
   904 | D:2      | Found a transporter.
   904 | D:2      | Noticed a hippogriff
   930 | D:2      | Found a sparkling altar of Nemelex Xobeh.
   930 | D:2      | Noticed a scorpion
   931 | D:2      | Found a shadowy altar of Dithmenos.
   932 | D:2      | Noticed a hungry ghost
   948 | D:2      | Found a transporter.
  1377 | D:2      | Learned a level 3 spell: Spider Form
  1428 | D:3      | Noticed Natasha
  1445 | D:3      | HP: 1/23 [crimson imp[Natasha] (1)]
  1446 | D:3      | Slain by a crimson imp

Vault maps used:
D:1:      sevenhm_arrival_forest_fort_small_5
D:2:      gammafunk_temple_overflow_arena
D:3:      nicolae_qazlal_style_of_elements, uniq_natasha

Action                   || total
-------------------------++-------
Melee: Unarmed           ||    72
       Constrict         ||    19
       Kick              ||    11
       Tentacles         ||    11
       Punch             ||     1
 Cast: Beastly Appendage ||    12
  Use: Scroll            ||     2
       Potion            ||     1
 Stab: Sleeping          ||     5
  Eat: Chunk             ||     2
Armor: Skin              ||    11
Dodge: Dodged            ||    57

Table legend:
 A = Non-vault XP
 B = Vault XP
 C = Vault XP percentage of total XP
 D = Non-vault monster count
 E = Vault monster count
 F = Vault count percentage of total count
                 A         B        C        D         E       F
            +---------+---------+-------+---------+---------+-------
      Total |      77 |       0 |   0.0 |      34 |       0 |   0.0
            +---------+---------+-------+---------+---------+-------
        D:1 |      34 |       0 |   0.0 |      18 |       0 |   0.0
        D:2 |      37 |       0 |   0.0 |      13 |       0 |   0.0
        D:3 |       6 |       0 |   0.0 |       3 |       0 |   0.0
            +---------+---------+-------+---------+---------+-------
